 Dungeon Crawl Stone Soup version 0.27-a0-1545-g3eddc1d3d3 (webtiles) character file.

Game seed: 17635662048436003873

2238 HAL9000 the Covert (level 9, -5/35 (43) HPs)
             Began as a Vine Stalker Brigand on July 13, 2021.
             Was an Initiate of Dithmenos.
             Killed from afar by a steam dragon (16 damage)
             ... with a ball of steam
             ... on level 6 of the Dungeon.
             The game lasted 00:18:18 (7193 turns).

HAL9000 the Covert (Vine Stalker Brigand)           Turns: 7193, Time: 00:18:19

HP:   -5/35 (43)    AC:  4    Str: 14    XL:     9   Next: 36%
MP:   0/10          EV: 11    Int: 13    God:    Dithmenos [......]
Gold: 459           SH:  5    Dex: 17    Spells: 5/8 levels left

rFire    . . .     SeeInvis .   a - +2 dagger
rCold    . . .     Faith    .   z - +0 buckler {reflect}
rNeg     . . .     Spirit   +   b - +0 robe
rPois    +         Reflect  +   (no helmet)
rElec    .         Harm     .   B - +0 cloak {Stlth+}
rCorr    .         Rampage  .   i - +0 pair of gloves
Will     +....                  (no boots)
Stlth    +++++.....             v - amulet of regeneration
HPRegen  2.11/turn              C - ring of poison resistance
MPRegen  0.12/turn              (no ring)

@: heavily drained
A: fangs 3, regeneration 1, magic shield, antimagic bite, no potion heal 2
a: Renounce Religion


You were on level 6 of the Dungeon.
You worshipped Dithmenos.
Dithmenos was noncommittal.
You visited 2 branches of the dungeon, and saw 8 of its levels.

You collected 459 gold pieces.

Inventory:

Hand Weapons
 a - a +2 dagger (weapon)
 o - a +0 dagger of venom
Missiles
 d - 25 poisoned darts (quivered)
 G - 7 boomerangs
Armour
 b - a +0 robe (worn)
 e - a +1 cloak
 i - a +0 pair of gloves (worn)
 z - a +0 buckler of reflection (worn)
 B - a +0 cloak of stealth (worn)
Jewellery
 v - an amulet of regeneration (around neck)
 C - a ring of poison resistance (left hand)
Wands
 j - a wand of flame (23)
 A - a wand of iceblast (3)
 E - a wand of mindburst (17)
Scrolls
 c - 2 scrolls of amnesia
 f - a scroll of immolation {unknown}
 l - 2 scrolls of magic mapping {unknown}
 m - 2 scrolls of blinking {unknown}
 n - a scroll of identify
 p - a scroll of noise {unknown}
 r - a scroll of enchant armour {unknown}
 s - 2 scrolls of fear {unknown}
 t - a scroll of enchant weapon {unknown}
 w - 3 scrolls of vulnerability {unknown}
 y - 3 scrolls of teleportation {unknown}
Potions
 g - 2 potions of lignification
 h - 2 potions of ambrosia
 k - 2 potions of mutation
 q - a potion of degeneration {unknown}
 u - a potion of cancellation
 x - 2 potions of attraction
 D - a potion of flight {unknown}
 F - 3 potions of haste {unknown}


   Skills:
 - Level 2.5 Fighting
 - Level 6.3 Short Blades
 - Level 3.6 Throwing
 - Level 0.7 Dodging
 - Level 9.4 Stealth
 - Level 4.0 Shields
 + Level 4.8 Hexes


You had 5 spell levels left.
You knew the following spells:

 Your Spells              Type           Power      Damage    Failure   Level
a - Dazzling Flash        Conj/Hex       12%        N/A       34%         3

Your spell library contained the following spells:

 Spells                   Type           Power      Damage    Failure   Level
 Ozocubu's Armour         Ice            0%         N/A       67%         3
 Metabolic Englaciation   Hex/Ice        3%         N/A       97%         5
 Silence                  Hex/Air        3%         N/A       97%         5
 Agony                    Necr           0%         N/A       100%        5
 Simulacrum               Ice/Necr       0%         N/A       100%        6


Dungeon Overview and Level Annotations

Branches:
Dungeon (7/15)             Temple (1/1) D:6

Altars:
Ashenzari
Dithmenos
Elyvilon
Fedhas
Gozag
Hepliaklqana
Kikubaaqudgha
Makhleb
Nemelex Xobeh
Okawaru
Qazlal
Ru
Sif Muna
Uskayaw
Vehumet
Wu Jian
Xom
Yredelemnul
Zin

Shops:
D:3 (

Annotations:
D:7 Joseph


Innate Abilities, Weirdness & Mutations

You have razor-sharp teeth.
Your natural rate of healing is unusually fast.
When hurt, damage is shared between your health and your magic reserves.
Your bite disrupts and absorbs the magic of your enemies.
Potions cannot restore your health.


Message History

The ball of steam hits you!
You hit the steam dragon but do no damage.
Your bite misses the steam dragon.
The steam dragon is lightly wounded.
You are engulfed in a cloud of scalding steam.
You block the steam dragon's attack. x2
You hit the steam dragon.
The steam dragon is lightly wounded.
You are engulfed in a cloud of scalding steam.
You hit the steam dragon but do no damage.
The steam dragon is lightly wounded.
You are engulfed in a cloud of scalding steam.
The steam dragon bites you. The steam dragon claws you.
Unknown command.
There is a stone staircase leading up, spattered with blood here.
Unknown command.
The steam dragon bites you. The steam dragon claws you.
You climb upwards.
There is a stone staircase leading down here.
Unknown command.
You hit the steam dragon but do no damage.
You bite the steam dragon. You drain its power.
You feel invigorated.
The steam dragon is moderately wounded.
The steam dragon completely misses you. The steam dragon claws you.
You hit the steam dragon. You bite the steam dragon. You drain its power.
You feel invigorated.
The steam dragon is heavily wounded.
You hit the steam dragon. Your bite misses the steam dragon.
The steam dragon is heavily wounded.
The steam dragon bites you! The steam dragon claws you.
You closely miss the steam dragon.
The steam dragon is heavily wounded.
The steam dragon bites you. The steam dragon claws you.
* * * LOW HITPOINT WARNING * * *
The steam dragon bites you.
* * * LOW HITPOINT WARNING * * *
The steam dragon claws you but does no damage.
The steam dragon breathes steam at you. The ball of steam hits you!!
You die...

#####.#........#)# #.# ####'#
#.#........#.# #.# #.....
#.#........#.# #)# #.....
#####.########...# #.# #.....
...##.# #...# #.# #..... ...##.#
#...# #.# #..... ...##.#
#.D>#######.# #.....
...##.########.#ยง..).....#
#.....
#####..........#@##############'#
[...############'#### #.........
###.# #......####'######.# #.#
######......##...).# #.# #.#
#...........##.....# #.. #.#
#...........##.....# ###
###.#####.....##'#####.....#
........'.....##.# #.....#
.########.....##.# #.....#


You could see a steam dragon (catching breath).

Vanquished Creatures
  Prince Ribbit (D:6)
  Sigmund (D:6)
  Eustachio (D:6)
  A steam dragon (D:5)
  2 orc warriors (D:6)
  An ogre (D:6)
  A centaur (D:5)
  A bullfrog (D:6)
  A kobold brigand (D:6)
  2 gnoll sergeants
  A scorpion (D:5)
  2 wights (D:6)
  A howler monkey (D:5)
  A centaur zombie (D:6)
  An orc priest (D:5)
  6 hounds
  Crazy Yiuf (D:2)
  A centaur skeleton (D:6)
  5 iguanas
  2 orc wizards
  A hound skeleton (D:4)
  12 gnolls
  10 adders
  A white imp (D:6)
  2 ufetubi
  2 worms
  3 dart slugs
  15 orcs
  2 bats
  6 endoplasms
  6 giant cockroaches
  A goblin (D:1)
  6 hobgoblins
  12 jackals
  9 kobolds
  A quokka (D:2)
  13 ball pythons
  5 frilled lizards
  2 rats
142 creatures vanquished.

Vanquished Creatures (others)
  4 plants (D:6)
4 creatures vanquished.

Grand Total: 146 creatures vanquished

Notes
Turn   | Place    | Note
-------+----------+-------------------------------------------
     0 | D:1      | HAL9000 the Vine Stalker Brigand began the quest for the
                  | Orb.
     0 | D:1      | Reached XP level 1. HP: 11/11 MP: 2/2
   455 | D:1      | Reached skill level 5 in Stealth
  1129 | D:1      | Reached XP level 2. HP: 9/15 MP: 3/3
  1537 | D:2      | Reached skill level 6 in Stealth
  1537 | D:2      | Reached XP level 3. HP: 18/18 MP: 4/4
  2166 | D:2      | Found a runed translucent door.
  2167 | D:2      | Noticed Crazy Yiuf
  2376 | D:2      | Killed Crazy Yiuf
  2377 | D:2      | Reached skill level 7 in Stealth
  2377 | D:2      | Gained mutation: Your natural rate of healing is unusually
                  | fast. [Vine Stalker growth]
  2377 | D:2      | Reached XP level 4. HP: 23/23 MP: 5/5
  2772 | D:3      | Found Wistrirung's Weapon Boutique.
  2911 | D:3      | Reached XP level 5. HP: 19/26 MP: 6/6
  3545 | D:4      | Reached XP level 6. HP: 30/30 MP: 7/7
  4183 | D:5      | Entered Level 5 of the Dungeon
  4217 | D:5      | Noticed a steam dragon
  4300 | D:5      | Reached XP level 7. HP: 34/34 MP: 8/8
  4424 | D:5      | Killed a steam dragon
  4425 | D:5      | Reached skill level 5 in Short Blades
  4679 | D:5      | Gained mutation: You have razor-sharp teeth. [Vine Stalker
                  | growth]
  4679 | D:5      | Reached XP level 8. HP: 39/39 MP: 9/9
  4959 | D:5      | Reached skill level 1 in Shields
  5528 | D:6      | Found a staircase to the Ecumenical Temple.
  5541 | Temple   | Entered the Ecumenical Temple
  5729 | Temple   | Became a worshipper of Dithmenos the Shadowed
  5801 | D:6      | Noticed Sigmund
  5839 | D:6      | Killed Sigmund
  5840 | D:6      | Reached skill level 8 in Stealth
  6257 | D:6      | Reached skill level 9 in Stealth
  6268 | D:6      | Reached XP level 9. HP: 43/43 MP: 10/10
  6283 | D:6      | Learned a level 3 spell: Dazzling Flash
  6495 | D:6      | Noticed Eustachio
  6497 | D:6      | Noticed Prince Ribbit
  6505 | D:6      | Killed Prince Ribbit
  6516 | D:6      | Killed Eustachio
  6717 | D:7      | Found an ornate altar of the Wu Jian Council.
  7107 | D:7      | Noticed Joseph
  7193 | D:6      | Killed from afar by a steam dragon

Illustrated notes

Levels and vault maps discovered:
D:1:      minmay_arrival_shoal_huts, layout_loops_ring, st_stairs_7
D:2:      layout_basic, uniq_crazy_yiuf_cottage
D:3:      layout_basic, serial_shops, nicolae_shop_trees
D:4:      layout_cave_pools, grunt_decor_arrowhead
D:5:      layout_cave_pools, columned_hall_lemuel
D:6:      layout_basic, minmay_temple_entry_gardened_gates, hex_intersection,
          uniq_eustachio, uniq_sigmund, uniq_prince_ribbit1
D:7:      layout_rooms, grunt_temple_overflow_open, kennysheep_mini_moat,
          kennysheep_generic_room_13, uniq_joseph, uniq_pikel, uniq_duvessa,
          uniq_maggie
Temple:   eino_narrow_crystal_temple

Skill      XL: |  1  2  3  4  5  6  7  8  9 |
---------------+----------------------------+-----
Stealth        | 5 6 7 9 |  9.4
Short Blades   | 2 3 4 6 |  6.3
Throwing       | 2 3 |  3.6
Fighting       | 2 |  2.5
Shields        | 4 |  4.0
Hexes          | 4 |  4.8
Dodging        | |  0.7

Action                   |  1- 3 |  4- 6 |  7- 9 || total
-------------------------+-------+-------+-------++-------
Melee: Dagger            |    58 |   160 |   200 ||   418
       Bite              |    12 |    40 |    76 ||   128
Throw: Dart              |    13 |    77 |   109 ||   199
       Throwing net      |       |       |     1 ||     1
Evoke: Wand              |       |       |     7 ||     7
  Use: Scroll            |       |       |     6 ||     6
 Stab: Sleeping          |     6 |    14 |     5 ||    25
Armor: Robe              |    15 |    63 |    26 ||   104
Dodge: Dodged            |    31 |   102 |    99 ||   232
Block: Buckler           |       |       |    38 ||    38
       Reflection        |       |       |     3 ||     3

Table legend: (Time is in decaauts)
 A = Elapsed time spent in this place.
 B = Non-inter-level travel time spent in this place.
 C = Inter-level travel time spent in this place.
 D = Time resting spent in this place.
 E = Time spent auto-exploring this place.
 F = Levels seen in this place.
 G = Mean time per level.
                   A        B        C        D        E       F      G
               +--------+--------+--------+--------+--------+-----+--------+
         Total |   7090 |   6699 |    391 |   1217 |   4059 |   8 |  886.2 |
       Dungeon |   6884 |   6521 |    363 |   1217 |   3889 |   7 |  983.4 |
        Temple |    205 |    177 |     28 |      0 |    170 |   1 |  205.0 |
               +--------+--------+--------+--------+--------+-----+--------+

Top non-repeatable levels by time:
     D:6: 1732 daAuts
     D:1: 1529 daAuts
     D:2: 930 daAuts
     D:3: 919 daAuts
     D:4: 847 daAuts
     D:5: 839 daAuts
  Temple: 205 daAuts
     D:7: 85 daAuts
